General information
- name: BNet
- type: Ladder 1vs1/FFA
- host: Battle.net
- saver: PutinOnTheRitz
map: TidewaterGlades
- players: 2
- length: 32:50
- speed: Fast
- version: 1.26 W3XP
- replay type: Public
» download(106 KB)
Players
team 1 (winner)
PutinOnTheRitz (
orange | 77 APM | 2513 actions | 32:50)
5 Archmage
3 Blizzard
2 Brilliance Aura
5 Blood Mage
3 Flame Strike
2 Siphon Mana
» actions
| Assign group hotkey | 60 | |
| Basic commands | 209 | |
| Build / train | 99 | |
| ESC pressed | 2 | |
| Enter build submenu | 34 | |
| Enter hero's abilities submenu | 10 | |
| Give item / drop item | 4 | |
| Right click | 1128 | |
| Select / deselect | 480 | |
| Select group hotkey | 284 | |
| Use ability | 203 | |
2513 total
» units
| Peasant | 13 | |
| Priest | 1 | |
| Spell Breaker | 4 | |
| Gryphon Rider | 3 | |
| Dragonhawk Rider | 1 | |
| Sorceress | 1 | |
| Goblin Shredder | 1 | |
| Knight | 2 | |
26 total
» upgrades
| Masonry | 3 | |
| Lumber Harvesting | 2 | |
| Storm Hammers | 1 | |
| Swords | 3 | |
| Magic Sentry | 1 | |
| Sorceress Training | 2 | |
| Animal War Training | 1 | |
| Cloud | 1 | |
| Plating | 2 | |
16 total
» buildings
| Altar of Kings | 1 | |
| Farm | 6 | |
| Scout Tower | 14 | |
| Arcane Vault | 2 | |
| Lumber Mill | 1 | |
| Arcane Tower | 6 | |
| Keep | 2 | |
| Guard Tower | 7 | |
| Arcane Sanctum | 2 | |
| Town Hall | 2 | |
| Castle | 1 | |
| Blacksmith | 2 | |
| Gryphon Aviary | 2 | |
| Barracks | 2 | |
50 total
» build order
00:08 Altar of Kings
00:29 Farm
00:31 Farm
00:42 Scout Tower
00:47 Arcane Vault
01:06 Lumber Mill
01:55 Arcane Tower
01:55 Arcane Tower
02:28 Farm
02:57 Keep
02:58 Keep
03:09 Scout Tower
03:12 Scout Tower
03:48 Guard Tower
04:36 Scout Tower
05:24 Guard Tower
05:26 Arcane Sanctum
05:28 Arcane Sanctum
06:21 Farm
07:54 Arcane Tower
07:54 Guard Tower
07:57 Town Hall
08:06 Town Hall
08:39 Castle
09:34 Farm
09:51 Blacksmith
09:55 Gryphon Aviary
09:59 Gryphon Aviary
11:05 Scout Tower
11:06 Scout Tower
12:20 Guard Tower
12:21 Guard Tower
13:43 Blacksmith
13:52 Scout Tower
13:53 Scout Tower
18:34 Arcane Tower
19:35 Barracks
19:37 Barracks
20:01 Arcane Vault
22:46 Scout Tower
22:47 Scout Tower
22:48 Scout Tower
22:54 Scout Tower
22:55 Scout Tower
23:16 Guard Tower
23:17 Guard Tower
23:27 Scout Tower
24:47 Arcane Tower
24:48 Arcane Tower
27:46 Farm
» items
| Lesser Clarity Potion | 6 | |
| Scroll of Regeneration | 10 | |
| Ivory Tower | 3 | |
| Scroll of Healing | 1 | |
| Staff of Sanctuary | 1 | |
| Potion of Healing | 3 | |
| Scroll of Town Portal | 1 | |
| Boots of Speed | 1 | |
| Periapt of Vitality | 1 | |
| Potion of Lesser Invulnerability | 1 | |
28 total
team 2 (loser)
wysi21 (
blue | 69 APM | 2269 actions | 32:48)
4 Archmage
2 Summon Water Elemental
2 Brilliance Aura
3 Mountain King
2 Storm Bolt
1 Bash
» actions
| Assign group hotkey | 7 | |
| Basic commands | 31 | |
| Build / train | 79 | |
| Enter build submenu | 32 | |
| Enter hero's abilities submenu | 7 | |
| Right click | 1315 | |
| Select / deselect | 680 | |
| Select group hotkey | 13 | |
| Use ability | 105 | |
2269 total
» units
| Peasant | 24 | |
| Rifleman | 15 | |
| Mortar Team | 5 | |
44 total
» upgrades
| Gunpowder | 1 | |
| Armor | 1 | |
| Long Rifles | 1 | |
| Lumber Harvesting | 1 | |
| Masonry | 2 | |
6 total
» buildings
| Farm | 8 | |
| Blacksmith | 1 | |
| Barracks | 1 | |
| Altar of Kings | 1 | |
| Scout Tower | 9 | |
| Lumber Mill | 1 | |
| Arcane Tower | 2 | |
| Keep | 1 | |
| Arcane Vault | 2 | |
| Workshop | 1 | |
| Arcane Sanctum | 2 | |
| Guard Tower | 5 | |
| Town Hall | 2 | |
36 total
» build order
00:08 Farm
00:42 Farm
00:56 Blacksmith
01:03 Barracks
01:19 Altar of Kings
01:35 Farm
02:07 Scout Tower
02:26 Farm
02:57 Lumber Mill
03:26 Farm
03:32 Arcane Tower
03:32 Arcane Tower
04:11 Farm
04:31 Keep
05:38 Arcane Vault
06:25 Farm
07:24 Workshop
07:28 Arcane Sanctum
10:46 Farm
11:17 Arcane Vault
14:50 Arcane Sanctum
21:15 Scout Tower
21:19 Scout Tower
21:43 Guard Tower
21:46 Scout Tower
22:16 Scout Tower
22:44 Scout Tower
23:01 Guard Tower
23:04 Scout Tower
23:25 Guard Tower
23:29 Scout Tower
23:58 Guard Tower
24:35 Scout Tower
25:05 Guard Tower
28:56 Town Hall
29:29 Town Hall
» items
| Scroll of Regeneration | 2 | |
| Scroll of Healing | 5 | |
| Scroll of Town Portal | 1 | |
8 total
Chat log
(06:49 / All) wysi21: hacker
(06:57 / All) PutinOnTheRitz: you went that way in view of my base, retard
(07:13 / All) wysi21: twice
(07:13 / All) PutinOnTheRitz: lol
(18:50 / All) wysi21: fag
(18:51 / All) PutinOnTheRitz: lmfao
(18:55 / All) PutinOnTheRitz: took you THAT long to notice?
(27:39 / All) PutinOnTheRitz: that wont work.
(28:19 / All) PutinOnTheRitz: told u.
(29:29 / All) PutinOnTheRitz: lol
(29:41 / All) PutinOnTheRitz: why would you expand to the place im watching
(29:57 / All) PutinOnTheRitz: dumbest thing ive ever seen
(30:24 / All) wysi21: we both no that u sucked
(30:28 / All) PutinOnTheRitz: LOL?
(30:31 / All) PutinOnTheRitz: i disagree
(30:37 / All) wysi21: the game is over since 20 mins
(30:37 / All) PutinOnTheRitz: ladies and gentlemen, exhibit A: this game.
(30:48 / All) PutinOnTheRitz: you think im trying to end it fast?
(30:50 / All) PutinOnTheRitz: lol
(31:02 / All) PutinOnTheRitz: i didnt even have a barracks until tier 3
(31:03 / All) wysi21: no but the game is over since the first attack
(31:07 / All) wysi21: iu got lucky
(31:10 / All) PutinOnTheRitz: LOL
(31:16 / All) PutinOnTheRitz: the game was over the moment you joined
(31:32 / All) PutinOnTheRitz: you let me fast expand with no barracks
(31:33 / All) wysi21: I can kick your ass if you want
(31:36 / All) PutinOnTheRitz: then do so
(31:39 / All) wysi21: but im sure you wont..
(31:46 / All) PutinOnTheRitz: please kick my ass
(31:48 / All) PutinOnTheRitz: im dying to see this
(31:55 / All) wysi21: this game is over
(32:01 / All) PutinOnTheRitz: its been over for a LONG time
(32:11 / All) PutinOnTheRitz: not sure why you stay unless youre just mad about losing
(32:25 / All) wysi21: I can kick your ass in another game if you want
(32:28 / All) wysi21: im not mad
(32:30 / All) wysi21: i let you enjoy
(32:34 / All) PutinOnTheRitz: face-saving
(32:36 / All) PutinOnTheRitz: priceless
(32:41 / All) PutinOnTheRitz: host it up please, id love to see this
(32:42 / All) wysi21: cool game putin
(32:45 / All) wysi21: k